 Dungeon Crawl Stone Soup version 0.30-a0-591-g3c58d2bc28 (webtiles) character file.

Game seed: 16766899832579166858

84 Newt the Trooper (level 4, -3/37 HPs)
             Began as a Demonspawn Gladiator on Jan 4, 2023.
             Slain by a gnoll
             ... wielding a +0 spear
              (4 damage)
             ... on level 3 of the Dungeon.
             The game lasted 00:02:21 (1450 turns).

Newt the Trooper (Demonspawn Gladiator)             Turns: 1450, Time: 00:02:22

Health: -3/37      AC:  5    Str: 16    XL:     4   Next: 24%
Magic:  4/4        EV: 12    Int: 10    God:
Gold:   126        SH:  0    Dex: 14    Spells: 3/3 levels left

rFire   + . .      SeeInvis .    a - +0 rapier
rCold   . . .      Faith    .    (no shield)
rNeg    . . .      Spirit   .    b - +0 leather armour
rPois   .          Reflect  .    c - +0 helmet
rElec   .          Harm     .    (no cloak)
rCorr   .          Rampage  .    g - +0 pair of gloves
Will    .....                    (no boots)
Stlth   ++                       (no amulet)
HPRegen 0.26/turn                m - ring of flight
MPRegen 0.18/turn                l - ring of protection from fire

@: flying
A: magic regeneration, demonic touch 1
a: no special abilities


You were on level 3 of the Dungeon.
You visited 1 branch of the dungeon, and saw 3 of its levels.

You collected 126 gold pieces.

Inventory:

Hand Weapons
 a - a +0 rapier (weapon)
Missiles
 d - 2 throwing nets (quivered)
 e - a javelin
Armour
 b - a +0 leather armour (worn)
 c - a +0 helmet (worn)
 g - a +0 pair of gloves (worn)
Jewellery
 l - a ring of protection from fire (right hand)
 m - a ring of flight (left hand)
Scrolls
 i - a scroll of identify
 n - a scroll of amnesia {unknown}
 o - a scroll of teleportation
Potions
 f - 2 potions of heal wounds
 h - a potion of curing
 j - a potion of brilliance {unknown}
 k - a potion of mutation {unknown}


   Skills:
 + Level 3.9 Fighting
 - Level 2.6 Short Blades
 - Level 1.7 Throwing
 - Level 2.6 Dodging
 - Level 2.0 Stealth


You had 3 spell levels left.
You didn't know any spells.
Your spell library contained the following spells:

 Spells                   Type           Power      Damage    Failure   Level
 Apportation              Tloc           0%         N/A       43%         1
 Necrotise                Necr           0%         1d4       43%         1
 Summon Small Mammal      Summ           0%         N/A       43%         1
 Blink                    Tloc           0%         N/A       56%         2
 Momentum Strike          Conj/Tloc      0%         3d8       56%         2
 Scorch                   Fire           0%         2d5       56%         2
 Lesser Beckoning         Tloc           0%         N/A       80%         3
 Flame Wave               Conj/Fire      0%         2d4       99%         4
 Summon Cactus Giant      Summ           0%         N/A       100%        6


Dungeon Overview and Level Annotations

Branches:
Dungeon (3/15)

Altars:
Nemelex Xobeh


Innate Abilities, Weirdness & Mutations

You regenerate magic rapidly.
Your touch may inflict minor irresistible damage on your foes.


Message History

You struggle against the net.
The gnoll hits you with a +0 club! The gnoll hits you but does no damage.
You shred the net and break free! The gnoll closely misses you. x2
You hit the gnoll but do no damage. The gnoll hits you but does no damage.
The gnoll hits you from afar with a +0 spear.
You completely miss the gnoll. The gnoll barely misses you.
The gnoll hits you from afar with a +0 spear. x2
You barely miss the gnoll. Your touch misses the gnoll.
The gnoll closely misses you. x2
The gnoll hits you from afar with a +0 spear.
You completely miss the gnoll. Your touch misses the gnoll.
The gnoll hits you with a +0 club. The gnoll closely misses you.
The gnoll barely misses you.
You hit the gnoll.
The gnoll is moderately wounded.
The gnoll hits you but does no damage. The gnoll barely misses you. x2
The gnoll closely misses you. x2
The gnoll hits you from afar with a +0 spear.
You closely miss the gnoll.
The gnoll is moderately wounded.
The gnoll hits you with a +0 club.
* * * LOW HITPOINT WARNING * * *
The gnoll misses you. The gnoll barely misses you.
Throw: 4 throwing nets
Press: ? - help, Q - select action, (/) - cycle Shift-Dir - straight line, f - gnoll
Aim: a gnoll, wielding a +0 club (moderately wounded, 63% to hit)
You throw a throwing net.
The throwing net completely misses the gnoll.
The throwing net closely misses the gnoll.
Throw: 3 throwing nets
Press: ? - help, Q - select action, (/) - cycle Shift-Dir - straight line, f/p - gnoll
Aim: a gnoll, wielding a +0 club (moderately wounded, 63% to hit)
You throw a throwing net. The throwing net hits the gnoll.
The gnoll is caught in the net!
The gnoll is moderately wounded.
The gnoll struggles against the net.
The gnoll hits you from afar with a +0 spear.
* * * LOW HITPOINT WARNING * * *
The gnoll hits you from afar with a +0 spear.
You die...

##.# #...# #.##.#.###
#.# ##...# #...b..#####
#.# #......#
#......##bbb #.#
#[#....# ##.........b
##.#### #.##.#.##
#...b.##bbb ......#
..#.... #.....#####
..#.#.###.#.#..# #
#######
.###.....###.#.###g#....
..#.#.###.#....<@gg....(
.#.##.# #.......##.#....
......# #..##.#.#(##. #
.#.##.# #..#.........
.#.##.# #.......####.
.#.##.# #.......#
.#.##.# ##.....##
......# #.....# ##.####
#.....#


You could see 3 gnolls.

Vanquished Creatures
  A jelly (D:3)
  3 worms
  4 bats (D:2)
  8 endoplasms
  3 giant cockroaches
  4 goblins
  4 hobgoblins
  A quokka (D:3)
  3 ball pythons
  4 frilled lizards
  2 kobolds (D:2)
  6 rats
43 creatures vanquished.

Vanquished Creatures (others)
  3 plants (D:1)
3 creatures vanquished.

Grand Total: 46 creatures vanquished

Notes
Turn   | Place    | Note
-------+----------+-------------------------------------------
     0 | D:1      | Newt the Demonspawn Gladiator began the quest for the Orb.
     0 | D:1      | Reached XP level 1. HP: 16/16 MP: 1/1
    87 | D:1      | Reached skill level 1 in Stealth
   261 | D:1      | Gained mutation: Your touch may inflict minor irresistible
                  | damage on your foes. [demonic ancestry]
   261 | D:1      | Reached XP level 2. HP: 18/22 MP: 2/2
   737 | D:2      | Found a sparkling altar of Nemelex Xobeh.
   750 | D:2      | Reached XP level 3. HP: 26/28 MP: 3/3
   922 | D:2      | Reached skill level 3 in Fighting
  1379 | D:3      | Gained mutation: You regenerate magic rapidly. [demonic
                  | ancestry]
  1379 | D:3      | Reached XP level 4. HP: 32/37 MP: 4/4
  1450 | D:3      | HP: 1/37 [gnoll/+0 spear (6)]
  1450 | D:3      | Slain by a gnoll

Illustrated notes

Levels and vault maps discovered:
D:1:      spicycebolla_arrival_clurvy, layout_rooms,
          amcnicky_mini_rare_corridor_liquid, corexii_hall_statues_l
D:2:      layout_rooms, basic_altar
D:3:      layout_loops_cross

Skill      XL: |  1  2  3 |
---------------+----------+-----
Stealth        | 1 2 |  2.0
Fighting       | 3 |  3.9
Short Blades   | |  2.6
Throwing       | |  1.7
Dodging        | |  2.6

Action                   |  1- 3 |  4- 6 || total
-------------------------+-------+-------++-------
Melee: Rapier            |    92 |     7 ||    99
       Touch             |    15 |     1 ||    16
Throw: Throwing net      |       |     2 ||     2
  Use: Scroll            |     4 |       ||     4
       Potion            |     1 |       ||     1
 Stab: Sleeping          |     7 |       ||     7
Armor: Leather armour    |    23 |     3 ||    26
Dodge: Dodged            |    49 |    14 ||    63

Table legend: (Time is in decaauts)
 A = Elapsed time spent in this place.
 B = Non-inter-level travel time spent in this place.
 C = Inter-level travel time spent in this place.
 D = Time resting spent in this place.
 E = Time spent auto-exploring this place.
 F = Levels seen in this place.
 G = Mean time per level.
                   A        B        C        D        E       F      G
               +--------+--------+--------+--------+--------+-----+--------+
         Total |   1454 |   1402 |     52 |    142 |    946 |   3 |  484.7 |
       Dungeon |   1454 |   1402 |     52 |    142 |    946 |   3 |  484.7 |
               +--------+--------+--------+--------+--------+-----+--------+

Top non-repeatable levels by time:
     D:1: 661 daAuts
     D:2: 499 daAuts
     D:3: 293 daAuts
